 Dungeon Crawl Stone Soup version 0.23.0 (webtiles) character file.

Game seed: 15649898494370441038

632 Infinimo the Stinger (level 7, -2/36 HPs)
             Began as a Gargoyle Venom Mage on Feb 9, 2019.
             Was an Initiate of Vehumet.
             Slain by an ice beast (10 damage)
             ... on level 5 of the Dungeon.
             The game lasted 00:11:12 (6769 turns).

Infinimo the Stinger (Gargoyle Venom Mage)          Turns: 6769, Time: 00:11:12

Health: -2/36      AC:  8    Str: 12    XL:     7   Next: 49%
Magic:  1/12       EV: 12    Int: 17    God:    Vehumet [......]
Gold:   221        SH:  0    Dex: 10    Spells: 5/13 levels left

rFire    . . .     SeeInvis .   o - +0 short sword
rCold    . . .     Gourm    .   (no shield)
rNeg     + . .     Faith    .   a - +1 robe
rPois    ∞         Spirit   .   (no helmet)
rElec    +         Reflect  .   (no cloak)
rCorr    .         Harm     .   n - +0 pair of gloves
MR       .....                  (no boots)
Stlth    ++........             (no amulet)
HPRegen  0.12/turn              (no ring)
MPRegen  0.13/turn              d - ring of wizardry

@: no status effects
A: negative energy resistance 1, electricity resistance, unbreathing,
petrification resistance, rot immunity, AC +4
a: Renounce Religion


You were on level 5 of the Dungeon.
You worshipped Vehumet.
Vehumet was noncommittal.
You were not hungry.

You visited 2 branches of the dungeon, and saw 6 of its levels.

You collected 221 gold pieces.

Inventory:

Hand Weapons
 o - a +0 short sword (weapon)
Armour
 a - a +1 robe (worn)
 n - a +0 pair of gloves (worn)
Jewellery
 d - a ring of wizardry (right hand)
Wands
 q - a wand of acid (13)
Scrolls
 b - a scroll of fear {unknown}
 f - a scroll of teleportation
 g - 4 scrolls of magic mapping
 h - a scroll of identify
 l - 4 scrolls of remove curse
 s - a scroll of amnesia
Potions
 e - 3 potions of curing
 i - a potion of cancellation
 j - a potion of might
 k - a potion of ambrosia
 m - a potion of agility {unknown}
 r - a potion of lignification {unknown}
Comestibles
 c - 10 rations
 p - 2 chunks of flesh


   Skills:
 - Level 1.5 Dodging
 - Level 2.1 Stealth
 + Level 3.7 Spellcasting
 * Level 5.4 Conjurations
 * Level 5.7 Poison Magic


You had 5 spell levels left.
You knew the following spells:

 Your Spells              Type           Power        Failure   Level  Hunger
a - Sting                 Conj/Pois      ###.         1%          1    None
b - Mephitic Cloud        Conj/Pois/Air  ###.....     4%          3    ###....
c - Olgreb's Toxic Radia  Pois           ###.....     6%          4    ####...

Your spell library contained the following spells:

 Spells                   Type           Power        Failure   Level  Hunger
 Poisonous Vapours        Pois/Air       ##....       3%          2    ##.....
 Venom Bolt               Conj/Pois      ###.......   17%         5    ######.


Dungeon Overview and Level Annotations

Branches:
Dungeon (5/15)             Temple (1/1) D:4

Altars:
Ashenzari
Dithmenos
Elyvilon
Fedhas
Gozag
Hepliaklqana
Makhleb
Nemelex Xobeh
Qazlal
Ru
Trog
Uskayaw
Vehumet
Wu Jian
Xom
Yredelemnul
Zin
The Shining One

Annotations:
D:3 2 runed translucent doors, Baz's ghost, amateur DDSk


Innate Abilities, Weirdness & Mutations

You are resistant to torment.
Your stone body is resilient. (AC +4)
You are immune to poison.
You resist negative energy. (rN+)
You are resistant to electric shocks. (rElec)
You can survive without breathing.
You are immune to petrification.
You are immune to rotting.


Message History

Confirm with . or Enter, or press ? or * to list all spells.
Aiming: Sting (safe; 1% risk of failure)
Press: ? - help, Shift-Dir - straight line, f/p - ice beast
Aim: an ice beast (almost dead, poisoned)
The sting misses the ice beast.
The ice beast hits you. The ice beast freezes you.
* * * LOW HITPOINT WARNING * * *
Casting: Sting (safe; 1% risk of failure)
Confirm with . or Enter, or press ? or * to list all spells.
You don't have enough magic to cast that spell.
Casting: Sting (safe; 1% risk of failure)
Confirm with . or Enter, or press ? or * to list all spells.
You don't have enough magic to cast that spell.
Casting: Sting (safe; 1% risk of failure)
Confirm with . or Enter, or press ? or * to list all spells.
You don't have enough magic to cast that spell.
The ice beast hits you.
* * * LOW HITPOINT WARNING * * *
The ice beast freezes you!
You die...

...# ##########.Y# .#
#..#..#..#..###.###
#......#..........
#......#.........
#.....########..#
#.###...##....# ..#
#.###.).##....##..#
#..#@Y...'........#
#..#.Z..########..+ #### ####
#..###..##....#####
###..###...##..###..##....##..##
.##....#............#..........#
..+....#............)..........#
.##..# ######.####..##....##..##
.##..###.####.####..##....##..##
......#......(.#.....#.........#


You could see an ice beast and a leopard gecko skeleton.

Vanquished Creatures
  An ogre (D:4)
  3 hounds
  An orc priest (D:5)
  5 orc wizards
  2 worker ants (D:4)
  Robin (D:4)
  9 adders
  2 adder skeletons
  A worm (D:4)
  7 dart slugs
  8 leopard geckos
  12 orcs
  7 giant cockroaches
  22 goblins
  11 hobgoblins
  2 jackals (D:2)
  2 quokkas
  A ball python (D:3)
  8 bats
  15 frilled lizards
  3 kobolds
  15 rats
138 creatures vanquished.

Notes
Turn   | Place    | Note
-------+----------+-------------------------------------------
     0 | D:1      | Infinimo the Gargoyle Venom Mage began the quest for the
                  | Orb.
     0 | D:1      | Reached XP level 1. HP: 10/10 MP: 3/3
   257 | D:1      | Reached XP level 2. HP: 15/15 MP: 3/5
   866 | D:1      | Reached XP level 3. HP: 19/19 MP: 3/6
  1880 | D:2      | Reached XP level 4. HP: 23/24 MP: 0/7
  2757 | D:2      | Reached XP level 5. HP: 27/28 MP: 2/9
  2917 | D:2      | Learned a level 3 spell: Mephitic Cloud
  3390 | D:3      | Found a stormy altar of Qazlal.
  3659 | D:3      | Found a runed translucent door.
  3670 | D:3      | Noticed Baz's ghost (amateur DDSk)
  4425 | D:3      | Found a runed translucent door.
  4581 | D:4      | Found a white marble altar of Elyvilon.
  4872 | D:4      | Reached XP level 6. HP: 28/32 MP: 10/10
  4921 | D:4      | Noticed Robin
  5333 | D:4      | Found a staircase to the Ecumenical Temple.
  5341 | D:4      | Reached skill level 5 in Poison Magic
  5360 | D:4      | Killed Robin
  5447 | Temple   | Entered the Ecumenical Temple
  5674 | Temple   | Became a worshipper of Vehumet
  5982 | D:4      | Reached skill level 5 in Conjurations
  5982 | D:4      | Reached XP level 7. HP: 36/36 MP: 8/12
  6057 | D:4      | Learned a level 4 spell: Olgreb's Toxic Radiance
  6064 | D:5      | Entered Level 5 of the Dungeon
  6769 | D:5      | Slain by an ice beast

Skill      XL: |  1  2  3  4  5  6 |
---------------+-------------------+-----
Conjurations   | 2 3 4 5 |  5.4
Poison Magic   | 4 5 |  5.7
Spellcasting   | 3 |  3.7
Dodging        | |  1.5
Stealth        | |  2.1

Action                   |  1- 3 |  4- 6 |  7- 9 || total
-------------------------+-------+-------+-------++-------
Melee: Unarmed           |    20 |    11 |       ||    31
       Short sword       |       |    25 |    24 ||    49
 Cast: Sting             |    92 |   207 |    63 ||   362
  Use: Scroll            |       |    11 |     4 ||    15
  Eat: Chunk             |     4 |    14 |     2 ||    20
Armor: Robe              |    16 |    36 |    26 ||    78
Dodge: Dodged            |    37 |    72 |    32 ||   141
